 Dungeon Crawl Stone Soup version 0.30-a0-743-gbfdf073431 (webtiles) character file.

Game seed: 2677745808922296607

162 jimonade the Magician (level 5, 0/37 HPs)
             Began as a Djinni Hedge Wizard on Feb 5, 2023.
             Was an Initiate of Yredelemnul.
             Slain by an iguana (7 damage)
             ... on level 4 of the Dungeon.
             The game lasted 00:07:12 (3262 turns).

jimonade the Magician (Djinni Hedge Wizard)         Turns: 3262, Time: 00:07:13

Health: 0/37       AC:  5    Str: 11    XL:     5   Next: 71%
Gold:   177        EV:  8    Int: 16    God:    Yredelemnul [......] SH:  6 Dex: 12

rFire   + + .      SeeInvis .    a - +3 dagger (venom)
rCold   x . .      Faith    .    g - +0 kite shield
rNeg    . . .      Spirit   .    o - +0 ring mail
rPois   ∞          Reflect  .    c - +0 hat
rElec   .          Harm     .    (no cloak)
rCorr   .          Rampage  .    (no gloves)
Will    .....                    (boots unavailable)
Stlth   +                        (no amulet)
HPRegen 0.26/turn                (no ring)
MPRegen 0.00/turn                (no ring)

@: flying
A: sickness immunity, fire resistance 2, cold vulnerability 1, float, innate
caster, HP casting, extra vitality 1
a: Renounce Religion, Recall Undead Harvest


You were on level 4 of the Dungeon.
You worshipped Yredelemnul.
Yredelemnul was noncommittal.
You visited 1 branch of the dungeon, and saw 4 of its levels.

You collected 177 gold pieces.

Inventory:

Hand Weapons
 a - a +3 dagger of venom (weapon)
 r - a +0 dagger
 t - a +2 dagger of venom
 v - a +2 hand axe of flaming
Missiles
 j - 3 poisoned darts
Armour
 b - a +0 robe
 c - a +0 hat (worn)
 g - a +0 kite shield (worn)
 o - a +0 ring mail (worn)
 w - a +0 leather armour
Scrolls
 f - 2 scrolls of blinking {unknown}
 h - 7 scrolls of identify {unknown}
 i - a scroll of teleportation {unknown}
 m - 3 scrolls of enchant armour {unknown}
 p - 2 scrolls of magic mapping {unknown}
 q - a scroll of fog {unknown}
 s - a scroll of amnesia {unknown}
 u - a scroll of immolation {unknown}
Potions
 d - 2 potions of magic
 e - 2 potions of heal wounds {unknown}
 k - 4 potions of curing {unknown}
 l - a potion of brilliance {unknown}
 n - a potion of degeneration {unknown}
 x - a potion of lignification {unknown}
 z - a potion of flight {unknown}
 A - a potion of might {unknown}


   Skills:
 * Level 1.4 Fighting
 * Level 0.1 Short Blades
 + Level 2.3 Dodging
 - Level 1.5 Stealth
 + Level 4.2 Spellcasting
 + Level 0.5 Invocations


You couldn't memorise any spells.
You knew the following spells:

 Your Spells              Type           Power      Damage    Failure   Level
a - Magic Dart            Conj           68%        1d6       26%         1
b - Slow                  Hex            68%        N/A       26%         1
c - Blink                 Tloc           34%        N/A       36%         2
d - Call Imp              Summ           17%        N/A       36%         2
e - Mephitic Cloud        Conj/Pois/Air  17%        N/A       61%         3
f - Foxfire               Conj/Fire      68%        2x1d7     26%         1
g - Passwall              Tmut/Erth      14%        N/A       36%         2
Your spell library was empty.

Dungeon Overview and Level Annotations

Branches:
Dungeon (4/15)
 Temple: D:4-7

Altars:
Cheibriados
Hepliaklqana
Trog
Yredelemnul


Innate Abilities, Weirdness & Mutations

You are immune to sickness and miasma.
You are immune to poison.
Your flesh is very heat resistant. (rF++)
You are vulnerable to cold. (rC-)
You float through the air rather than walking.
You learn spells naturally, not from books.
Your magical power is your life essence.
You have superior vitality. (+4 MHP)


Message History

Done exploring.
Done exploring.
There is a stone staircase leading down here.
You fly downwards.
Your mindless puppet stays behind to rot.
The kobold shouts!
The iguana hisses angrily.
The endoplasm quivers.
You hear a shout!
Found a ruby potion.
Found a stone staircase leading down.
There is a stone staircase leading up here.
Casting: Foxfire (safe; 26% risk of failure)
Confirm with . or Enter, or press ? or * to list all spells.
The spell is extremely dangerous to miscast (61% risk of failure)!
Continue anyway?
Okay, then.
Unknown command.
An orc priest comes into view. It is wielding a +0 whip.
The iguana bites you! The iguana attacks as you move away!
The iguana bites you but does no damage.
The iguana attacks as you move away! The iguana barely misses you.
You hit the iguana.
The iguana is poisoned.
The iguana is lightly wounded.
The orc priest mumbles some strange prayers to Beogh against you.
Beogh smites you! The iguana bites you.
You hear a shout!
You barely miss the iguana.
The iguana is moderately wounded.
The iguana bites you but does no damage.
You hit the iguana.
The iguana looks as sick as possible!
The iguana is moderately wounded.
The iguana bites you!
* * * LOW HITPOINT WARNING * * *
You closely miss the iguana.
The iguana is moderately wounded.
The iguana bites you but does no damage.
You hit the iguana but do no damage.
The iguana looks as sick as possible!
The iguana is heavily wounded.
The iguana bites you!
You die...
Your body rises from the dead as a mindless zombie.

# #.##.#########
.............+ #
#@#####
#.##l#...##..
.##...JK.......
.....>.o<.K.....
#.##.##.....##..
#. #.....# #
#.....# #....!#
#.....+


You could see an iguana (extremely poisoned), an orc priest, an endoplasm and a
kobold.

Vanquished Creatures
  An orc priest (D:3)
  3 adders
  A worm (D:3)
  2 dart slugs
  6 orcs (D:3)
  4 ball pythons
  8 bats
  4 endoplasms (D:1)
  A giant cockroach (D:1)
  6 goblins
  5 hobgoblins
  4 jackals
  7 kobolds
  3 quokkas (D:1)
  4 frilled lizards (D:3)
  4 rats
63 creatures vanquished.

Vanquished Creatures (collateral kills)
  An adder (D:2)
  A worm (D:2)
  A ball python (D:3)
  An endoplasm (D:2)
  A giant cockroach (D:2)
  7 jackals (D:2)
  A rat (D:2)
13 creatures vanquished.

Vanquished Creatures (others)
  A worm zombie (D:3)
  A goblin zombie (D:3)
  2 hobgoblin zombies
  4 jackal zombies (D:2)
  A kobold zombie (D:2)
  4 orc zombies (D:3)
  32 foxfires (D:3)
  A plant (D:3)
46 creatures vanquished.

Grand Total: 122 creatures vanquished

Notes
Turn   | Place    | Note
-------+----------+-------------------------------------------
     0 | D:1      | jimonade the Djinni Hedge Wizard began the quest for the
                  | Orb.
     0 | D:1      | jimonade set off with the following spells memorised: Magic
                  | Dart, Slow, Blink, Call Imp, Mephitic Cloud.
     0 | D:1      | Reached XP level 1. HP: 15/15 MP: 0/0
    78 | D:1      | Reached XP level 2. HP: 19/21 MP: 0/0
   317 | D:1      | Reached skill level 3 in Spellcasting
   564 | D:1      | Reached XP level 3. HP: 23/25 MP: 0/0
   564 | D:1      | Learned a level 1 spell: Foxfire
   620 | D:1      | Found a faded altar of an unknown god.
  1210 | D:2      | Reached XP level 4. HP: 26/31 MP: 0/0
  1404 | D:2      | Found a basalt altar of Yredelemnul.
  1454 | D:2      | Became a worshipper of Yredelemnul the Dark
  1516 | D:2      | Reached * piety under Yredelemnul
  1596 | D:2      | Reached skill level 4 in Spellcasting
  2046 | D:2      | Reached XP level 5. HP: 36/36 MP: 0/0
  2046 | D:2      | Learned a level 2 spell: Passwall
  2419 | D:3      | Reached skill level 1 in Fighting
  2701 | D:3      | Found a snail-covered altar of Cheibriados.
  2816 | D:3      | Found a bloodstained altar of Trog.
  3034 | D:3      | Found a hazy altar of Hepliaklqana.
  3262 | D:4      | Slain by an iguana

Illustrated notes

Levels and vault maps discovered:
D:1:      moated_graveyard_arrival, layout_basic,
          hellmonk_ecumenical_altar_pennies_from_heaven
D:2:      layout_basic, basic_altar
D:3:      layout_basic, marbit_many_paths, kennysheep_slug_shrine, trog_book,
          amcnicky_mini_rare_corridor_liquid, solitary_fountain,
          serial_bayou_pond_a, wander_ebering_terrifying_dragon_lair
D:4:      corexii_shantytown, layout_basic, lemuel_zombie_altar_kikubaaqudgha,
          jmf_multi_god_temple2

Skill      XL: |  1  2  3  4  5 |
---------------+----------------+-----
Spellcasting   | 3 4 |  4.2
Fighting       | 1 |  1.4
Short Blades   | |  0.1
Dodging        | |  2.3
Stealth        | |  1.5
Invocations    | |  0.5

Action                     |  1- 3 |  4- 6 || total
---------------------------+-------+-------++-------
  Melee: Dagger            |       |    27 ||    27
   Cast: Magic Dart        |    85 |    30 ||   115
         Call Imp          |       |     3 ||     3
         Foxfire           |       |    17 ||    17
 Invoke: Recall Undead Har |       |    12 ||    12
   Stab: Sleeping          |       |     1 ||     1
 Armour: Robe              |     3 |     2 ||     5
         Ring mail         |       |     3 ||     3
  Dodge: Dodged            |    15 |    11 ||    26
  Block: Kite shield       |       |     4 ||     4

Table legend: (Time is in decaauts)
 A = Elapsed time spent in this place.
 B = Non-inter-level travel time spent in this place.
 C = Inter-level travel time spent in this place.
 D = Time resting spent in this place.
 E = Time spent auto-exploring this place.
 F = Levels seen in this place.
 G = Mean time per level.
                   A        B        C        D        E       F      G
               +--------+--------+--------+--------+--------+-----+--------+
         Total |   3262 |   3204 |     58 |      0 |   2626 |   4 |  815.5 |
       Dungeon |   3262 |   3204 |     58 |      0 |   2626 |   4 |  815.5 |
               +--------+--------+--------+--------+--------+-----+--------+

Top non-repeatable levels by time:
     D:1: 1197 daAuts
     D:3: 1036 daAuts
     D:2: 1019 daAuts
     D:4: 9 daAuts
